 Dungeon Crawl Stone Soup version 0.30-a0-1035-g38d5fb2972 (webtiles) character file.

Game seed: 10680179807909165673

29 Danienth the Grave Robber (level 3, -2/24 HPs)
             Began as a Demonspawn Necromancer on Apr 8, 2023.
             Slain by a gnoll
             ... wielding a +0 spear
              (9 damage)
             ... on level 2 of the Dungeon.
             The game lasted 00:12:32 (1053 turns).

Danienth the Grave Robber (Demonspawn Necromancer)  Turns: 1053, Time: 00:12:32

Health: -2/24      AC:  2    Str: 10    XL:     3   Next: 1%
Magic:  1/6        EV: 12    Int: 16    God:
Gold:   0          SH:  0    Dex: 13    Spells: 5/6 levels left

rFire   . . .      SeeInvis .    d - +0 short sword
rCold   . . .      Faith    .    (no shield)
rNeg    . . .      Spirit   .    a - +0 robe
rPois   .          Reflect  .    (no helmet)
rElec   .          Rampage  .    (no cloak)
rCorr   .                        (no gloves)
Will    .....                    (no boots)
Stlth   ++                       (no amulet)
HPRegen 0.24/turn                (no ring)
MPRegen 0.10/turn                (no ring)

@: no status effects
A: ignite blood 1
a: no special abilities


You were on level 2 of the Dungeon.
You visited 1 branch of the dungeon, and saw 2 of its levels.

Inventory:

Hand Weapons
 d - a +0 short sword (weapon)
 f - a +0 sling
Armour
 a - a +0 robe (worn)
Scrolls
 c - a scroll of immolation {unknown}
 e - a scroll of brand weapon {unknown}
 g - a scroll of identify {unknown}
 h - a scroll of fog {unknown}
 i - 2 scrolls of teleportation {unknown}
 j - a scroll of enchant armour {unknown}
Potions
 b - a potion of magic


   Skills:
 + Level 0.1 Fighting
 * Level 0.5 Short Blades
 + Level 1.9 Dodging
 + Level 1.8 Stealth
 + Level 2.3 Spellcasting
 + Level 4.9 Necromancy


You had 5 spell levels left.
You knew the following spells:

 Your Spells              Type           Power      Damage    Failure   Level
a - Necrotise             Necr           68%        1d7       2%          1

Your spell library contained the following spells:

 Spells                   Type           Power      Damage    Failure   Level
 Vampiric Draining        Necr           17%        2d7       8%          3
 Animate Dead             Necr           17%        N/A       26%         4
 Agony                    Necr           17%        N/A       58%         5


Dungeon Overview and Level Annotations

Branches:
Dungeon (2/15)

Altars:
Ru


Innate Abilities, Weirdness & Mutations

Your demonic aura sometimes causes spilled blood to erupt in flames.


Message History

Your ball python skeleton bites the gnoll but does no damage.
Your ball python skeleton constricts the gnoll.
The gnoll hits you from afar with a +0 spear.
Casting: Necrotise (safe; 2% risk of failure)
Confirm with . or Enter, or press ? or * to list all spells.
Aiming: Necrotise (safe; 2% risk of failure)
Press: ? - help, Shift-Dir - straight line, f/p - gnoll
Aim: a gnoll, wielding a +0 spear (severely wounded, constricted by your ball python skeleton, ally target, chance to affect: 81%)
The gnoll writhes in agony.
You kill the gnoll!
The dead are walking!
The gnoll hits your ball python skeleton with a +0 spear!
Your ball python skeleton is destroyed!
You have reached level 3!
Your experience leads to an increase in your attributes!
Increase (S)trength, (I)ntelligence, or (D)exterity?
You feel stronger. x2
Casting: Necrotise (safe; 2% risk of failure)
Confirm with . or Enter, or press ? or * to list all spells.
Aiming: Necrotise (safe; 2% risk of failure)
Press: ? - help, Shift-Dir - straight line, f - gnoll
Aim: a gnoll, wielding a +0 spear (ally target, chance to affect: 81%)
The gnoll writhes in agony.
An adder comes into view.
Found a spear.
The gnoll barely misses you.
You hit the gnoll.
The gnoll is moderately wounded.
Your gnoll skeleton hits the gnoll.
The gnoll hits you with a +0 spear.
You hit the gnoll.
The gnoll is severely wounded.
Your gnoll skeleton misses the gnoll.
The gnoll hits you with a +0 spear.
You hit the gnoll but do no damage.
The gnoll is severely wounded.
The gnoll hits you with a +0 spear.
* * * LOW HITPOINT WARNING * * *
Your gnoll skeleton closely misses the gnoll.
You hit the gnoll.
The gnoll is severely wounded.
The adder bites your gnoll skeleton. The gnoll hits you with a +0 spear!
You die...

#......#
#...#+########
).#..........#
#.#.......##.#
..#....<..# #
#.#.......#
#.#.#.......#
###.##.#(#.###.##...
.....Sg@.......# #.
#.....Z....##.##
#.......)..#
#..........#
...........#
..+#######.# . ..
###


You could see a gnoll (ally target), an adder and a friendly gnoll skeleton.

Vanquished Creatures
  A gnoll (D:2)
  2 bats (D:1)
  4 giant cockroaches (D:1)
  2 hobgoblins (D:1)
  4 kobolds (D:1)
  A ball python (D:2)
  3 frilled lizards (D:1)
  A rat (D:1)
18 creatures vanquished.

Vanquished Creatures (collateral kills)
  A goblin (D:2)
1 creature vanquished.

Grand Total: 19 creatures vanquished

Notes
Turn   | Place    | Note
-------+----------+-------------------------------------------
     0 | D:1      | Danienth the Demonspawn Necromancer began the quest for the
                  | Orb.
     0 | D:1      | Reached XP level 1. HP: 13/13 MP: 3/3
   220 | D:1      | Found a faded altar of an unknown god.
   225 | D:1      | Prayed at the altar of an unknown god.
   225 | D:1      | Became a worshipper of Ru the Awakened
   231 | D:1      | Fell from the grace of Ru
   372 | D:1      | Gained mutation: Your demonic aura sometimes causes spilled
                  | blood to erupt in flames. [demonic ancestry]
   372 | D:1      | Reached XP level 2. HP: 19/19 MP: 3/5
  1048 | D:2      | Reached XP level 3. HP: 14/24 MP: 2/6
  1053 | D:2      | Slain by a gnoll

Illustrated notes

Levels and vault maps discovered:
D:1:      tarquinn_simple_flora_water_b, layout_basic,
          chequers_ecumenical_altar_grove
D:2:      layout_basic, basic_altar, uniq_jessica, uniq_crazy_yiuf_cottage

Action                     || total
---------------------------++-------
  Melee: Unarmed           ||     8
         Short sword       ||     6
   Cast: Necrotise         ||    34
 Invoke: Renounce Religion ||     1
   Stab: Sleeping          ||     2
 Armour: Robe              ||     6
  Dodge: Dodged            ||    10

Table legend: (Time is in decaauts)
 A = Elapsed time spent in this place.
 B = Non-inter-level travel time spent in this place.
 C = Inter-level travel time spent in this place.
 D = Time resting spent in this place.
 E = Time spent auto-exploring this place.
 F = Levels seen in this place.
 G = Mean time per level.
                   A        B        C        D        E       F      G
               +--------+--------+--------+--------+--------+-----+--------+
         Total |   1052 |   1009 |     43 |     49 |    830 |   2 |  526.0 |
       Dungeon |   1052 |   1009 |     43 |     49 |    830 |   2 |  526.0 |
               +--------+--------+--------+--------+--------+-----+--------+

Top non-repeatable levels by time:
     D:1: 1023 daAuts
     D:2: 28 daAuts
